 Dungeon Crawl Stone Soup version 0.29-a0-96-g93358da72b (webtiles) character file.

Game seed: 3398129418342051143

985 drugrobin the Poker (level 7, -8/60 HPs)
             Began as a Demigod Warper on Feb 12, 2022.
             Mangled by a hornet (9 damage)
             ... on level 6 of the Dungeon.
             The game lasted 00:22:09 (10442 turns).

drugrobin the Poker (Demigod Warper)               Turns: 10442, Time: 00:22:10

Health: -8/60      AC:  4    Str: 16    XL:     7   Next: 65%
Magic:  21/21      EV: 16    Int: 15    God:
Gold:   298        SH:  0    Dex: 17    Spells: 1/9 levels left

rFire   + . .      SeeInvis .   J - +8 rapier of Zodar {pain, MP+9}
rCold   + . .      Faith    .   (no shield)
rNeg    . . .      Spirit   .   N - +0 leather armour
rPois   .          Reflect  .   I - +0 helmet
rElec   .          Harm     .   f - scarf {rC+ rF+}
rCorr   .          Rampage  .   (no gloves)
Will    .....                   (no boots)
Stlth   ..........              (no amulet)
HPRegen 0.20/turn               A - +4 ring of evasion
MPRegen 0.17/turn               (no ring)

@: mighty, lethally poisoned (-8 -> -27), silenced, slowed, very slow
A: high MP 1, forlorn, divine attributes
a: no special abilities


You were on level 6 of the Dungeon.
You visited 1 branch of the dungeon, and saw 6 of its levels.

You collected 298 gold pieces.

Inventory:

Hand Weapons
 a - a +1 spear of freezing
 b - a +0 hunting sling
 p - the +3 dagger "Soeptisi" {flame, rElec rN+}
   (You found it on level 2 of the Dungeon)

   It burns those it strikes, dealing additional fire damage.
   rElec:     It insulates you from electricity.
   rN:        It protects you from negative energy.
 B - a +0 halberd
 J - the +8 rapier of Zodar (weapon) {pain, MP+9}
   (You found it on level 4 of the Dungeon)

   In the hands of one skilled in necromantic magic, it inflicts extra damage on
   living creatures.
   MP:        It affects your magic capacity (+9).
 O - a +1 war axe of flaming
 P - a +0 trident
Missiles
 d - 4 boomerangs of dispersal
 h - 225 stones (quivered)
 k - 34 arrows
 s - 65 bolts
 w - 50 sling bullets
 D - a throwing net
 K - 5 boomerangs
Armour
 f - a scarf of resistance (worn)
 C - an orb of guile
 E - a +0 scale mail
 I - a +0 helmet (worn)
 N - a +0 leather armour (worn)
Magical Staves
 m - a staff of poison
Jewellery
 A - a +4 ring of evasion (left hand)
Wands
 t - a wand of polymorph (12)
 L - a wand of acid (10)
Scrolls
 c - 2 scrolls of blinking
 g - a scroll of silence
 j - 2 scrolls of teleportation {unknown}
 l - a scroll of enchant weapon {unknown}
 n - 2 scrolls of amnesia {unknown}
 x - a scroll of fear
 y - a scroll of brand weapon {unknown}
 G - a scroll of fog {unknown}
 H - a scroll of noise {unknown}
 M - a scroll of summoning {unknown}
Potions
 o - 2 potions of might
 q - 2 potions of curing
 r - a potion of cancellation
 u - 2 potions of magic


   Skills:
 + Level 4.4 Fighting
 + Level 6.8 Polearms
 - Level 0.8 Throwing
 - Level 0.8 Armour
 - Level 1.8 Dodging
 - Level 1.7 Spellcasting
 + Level 4.1 Translocations


You had one spell level left.
You knew the following spells:

 Your Spells              Type           Power      Damage    Failure   Level
a - Blink                 Tloc           26%        N/A       8%          2
b - Teleport Other        Tloc           13%        N/A       16%         3
c - Gell's Gravitas       Tloc           13%        N/A       16%         3

Your spell library contained the following spells:

 Spells                   Type           Power      Damage    Failure   Level
 Lesser Beckoning         Tloc           13%        N/A       16%         3
 Manifold Assault         Tloc           13%        N/A       82%         5
 Leda's Liquefaction      Hex/Erth       0%         N/A       95%         4
 Lee's Rapid Deconstruct  Erth           0%         3d5*      100%        5
 Statue Form              Tmut/Erth      0%         N/A       100%        6


Dungeon Overview and Level Annotations

Branches:
Dungeon (6/15)             Temple (0/1) D:5


Innate Abilities, Weirdness & Mutations

You have an increased reservoir of magic. (+10% MP)
You shall have no god before yourself.
Your divine heritage dramatically boosts your attributes as you level up.


Message History

You catch the helpless hornet completely off-guard!
You hit the hornet but do no damage. Your punch misses the hornet.
The hornet struggles against the net.
The net rips apart, and the hornet comes free!
The hornet completely misses you.
You hit the hornet but do no damage. The hornet stings you!
You feel yourself slow down. The hornet barely misses you.
You barely miss the hornet. The hornet barely misses you.
The hornet stings you!
You are poisoned.
You feel as though you will be slow longer.
The hornet barely misses you.
You closely miss the hornet.
You feel very sick. The hornet misses you. The hornet stings you.
You are more poisoned.
You feel as though you will be slow longer.
You puncture the hornet!
The hornet is moderately wounded.
You feel extremely sick. The hornet stings you.
You feel as though you will be slow longer.
The hornet stings you.
You feel as though you will be slow longer.
The hornet stings you!
* * * LOW HITPOINT WARNING * * *
You are more poisoned.
You feel as though you will be slow longer.
You feel much better.
You feel very sick. The hornet stings you!
* * * LOW HITPOINT WARNING * * *
You are more poisoned.
You feel as though you will be slow longer.
The hornet misses you.
You feel very mighty all of a sudden.
* * * LOW HITPOINT WARNING * * *
You feel extremely sick. The hornet misses you. The hornet stings you!
You die...

...# #.. #.. ...
#.# #.# ####y####
#...@...# .#
#.##.##.# .#
#>##.##. .# #
#....##.# .#
#.#..####.# ## #
#.#..####.## ##.#..
#..........# ......
.###..#.##.##.####
##.##
........##.......##


You could see a hornet.

Vanquished Creatures
  A black bear (D:5)
  2 scorpions (D:5)
  A gnoll sergeant (D:3)
  A wyvern skeleton (D:5)
  A water moccasin skeleton (D:6)
  A howler monkey (D:5)
  2 hounds
  A jelly (D:4)
  An orc priest (D:5)
  An iguana (D:1)
  A bullfrog skeleton (D:5)
  A centaur skeleton (D:4)
  Jessica (D:2)
  2 orc wizards
  A hound skeleton (D:5)
  10 gnolls
  4 adders
  2 white imps (D:6)
  2 ufetubi (D:5)
  7 worms
  5 dart slugs
  9 orcs
  9 ball pythons
  11 endoplasms
  3 giant cockroaches
  6 goblins
  7 hobgoblins
  2 jackals (D:1)
  3 quokkas
  6 bats
  2 frilled lizards
  2 kobolds
  6 rats
114 creatures vanquished.

Notes
Turn   | Place    | Note
-------+----------+-------------------------------------------
     0 | D:1      | drugrobin the Demigod Warper began the quest for the Orb.
     0 | D:1      | Reached XP level 1. HP: 17/17 MP: 5/5
    60 | D:1      | Reached skill level 2 in Polearms
   294 | D:1      | Reached XP level 2. HP: 20/24 MP: 2/7
   351 | D:1      | HP: 1/24 [dart slug/slug dart (3)]
   737 | D:1      | Reached skill level 3 in Polearms
  1207 | D:1      | Reached XP level 3. HP: 28/29 MP: 8/8
  1351 | D:2      | Learned a level 2 spell: Blink
  1355 | D:2      | Learned a level 3 spell: Teleport Other
  1856 | D:2      | HP: 1/29 [worm (8)]
  2987 | D:2      | Noticed Jessica
  2997 | D:2      | Killed Jessica
  2998 | D:2      | Reached XP level 4. HP: 21/37 MP: 9/9
  3288 | D:2      | Identified the +3 dagger "Soeptisi" {flame, rElec rN+}
  4952 | D:3      | Noticed a gnoll sergeant
  6117 | D:4      | Reached skill level 4 in Polearms
  6117 | D:4      | Reached XP level 5. HP: 22/44 MP: 10/10
  6682 | D:4      | Noticed an ogre
  7859 | D:3      | Reached skill level 5 in Polearms
  7859 | D:3      | Reached XP level 6. HP: 47/50 MP: 11/11
  8558 | D:4      | Identified the +8 rapier of Zodar {pain, MP+9}
  9156 | D:5      | Entered Level 5 of the Dungeon
  9241 | D:5      | Found a staircase to the Ecumenical Temple.
  9270 | D:5      | Reached skill level 6 in Polearms
  9491 | D:5      | Reached XP level 7. HP: 58/58 MP: 12/12
  9499 | D:5      | Learned a level 3 spell: Gell's Gravitas
 10432 | D:6      | Noticed a hornet
 10442 | D:6      | HP: 1/60 [poisoned by a hornet]
 10442 | D:6      | Mangled by a hornet

Illustrated notes

Levels and vault maps discovered:
D:1:      saegor_arrival_simple_a, layout_rooms,
          hellmonk_ecumenical_altar_lost_god
D:2:      layout_basic, supply_closet_lemuel, kennysheep_pointless_box,
          nicolae_wormholes, uniq_jessica
D:3:      layout_loops_corners, dk_noncrumbling_4,
          chequers_serial_rivers_large_a, chequers_serial_rivers_large_b
D:4:      layout_basic
D:5:      layout_cave_pools, minmay_temple_entry_sparse_star
D:6:      layout_loops_cross, portal_sewer_entry_e, minmay_quadrilaterals

Skill      XL: |  1  2  3  4  5  6  7 |
---------------+----------------------+-----
Polearms       | 2 3 4 5 6 |  6.8
Fighting       | 2 3 4 |  4.4
Translocations | 3 4 |  4.1
Throwing       | |  0.8
Armour         | |  0.8
Dodging        | |  1.8
Spellcasting   | |  1.7

Action                   |  1- 3 |  4- 6 |  7- 9 || total
-------------------------+-------+-------+-------++-------
Melee: Dagger            |   141 |    80 |       ||   221
       Spear             |    30 |    42 |       ||    72
       Punch             |     2 |     1 |     1 ||     4
       Staff             |    12 |       |       ||    12
       Halberd           |       |    72 |       ||    72
       Rapier            |       |    53 |    45 ||    98
Throw: Stone             |     2 |    31 |     1 ||    34
       Boomerang         |       |     1 |       ||     1
       Throwing net      |       |     1 |     1 ||     2
 Cast: Blink             |       |     7 |       ||     7
       Teleport Other    |       |     5 |       ||     5
  Use: Scroll            |       |     4 |     4 ||     8
       Potion            |       |     3 |     2 ||     5
 Stab: Held in net/web   |       |       |     1 ||     1
Armor: Leather armour    |    29 |    22 |     1 ||    52
       Scale mail        |       |     7 |       ||     7
Dodge: Dodged            |    85 |   137 |    46 ||   268

Table legend: (Time is in decaauts)
 A = Elapsed time spent in this place.
 B = Non-inter-level travel time spent in this place.
 C = Inter-level travel time spent in this place.
 D = Time resting spent in this place.
 E = Time spent auto-exploring this place.
 F = Levels seen in this place.
 G = Mean time per level.
                   A        B        C        D        E       F      G
               +--------+--------+--------+--------+--------+-----+--------+
         Total |  10560 |   9978 |    582 |   3269 |   4682 |   6 | 1760.0 |
       Dungeon |  10560 |   9978 |    582 |   3269 |   4682 |   6 | 1760.0 |
               +--------+--------+--------+--------+--------+-----+--------+

Top non-repeatable levels by time:
     D:2: 3007 daAuts
     D:3: 2238 daAuts
     D:4: 2234 daAuts
     D:1: 1820 daAuts
     D:5: 899 daAuts
     D:6: 359 daAuts
